 Dungeon Crawl Stone Soup version 0.19.5 (webtiles) character file.

152 Azzok the Skirmisher (level 5, -2/52 HPs)
             Began as a Minotaur Fighter on July 28, 2017.
             Succumbed to Sigmund's poison
             ... on level 3 of the Dungeon.
             The game lasted 00:04:03 (2177 turns).

Azzok the Skirmisher (Minotaur Fighter)             Turns: 2177, Time: 00:04:03

Health: -2/52      AC: 11    Str: 25    XL:     5   Next: 11%
Magic:  4/4        EV:  4    Int:  5    God:
Gold:   159        SH: 10    Dex: 11    Spells: 0 memorised, 4 levels left

rFire  . . .     SeeInvis .     a - +0 long sword
rCold  . . .     Gourm    .     s - +0 plate armour
rNeg   . . .     Faith    .     c - +0 shield
rPois  .         Spirit   .     (helmet restricted)
rElec  .         Reflect  .     (no cloak)
rCorr  .         Harm     .     (no gloves)
MR     .....                    (no boots)
Stlth  ..........               (no amulet)
                                (no ring)
                                (no ring)

@: mighty, lethally poisoned (-2 -> -45)
A: retaliatory headbutt, horns 2
a: no special abilities


You were on level 3 of the Dungeon.
You were not hungry.

You visited 1 branch of the dungeon, and saw 3 of its levels.

You collected 159 gold pieces.

Inventory:

Hand Weapons
 a - a +0 long sword (weapon)
Missiles
 g - 22 arrows
Armour
 c - a +0 shield (worn)
 s - a +0 plate armour (worn)
Scrolls
 i - a scroll of fog
 j - a scroll of remove curse
 o - a scroll of amnesia
 p - a scroll of recharging
 q - a scroll of teleportation
 r - a scroll of immolation {unknown}
Potions
 e - a potion of cancellation {unknown}
 l - 2 potions of curing {unknown}
Books
 m - a book of Cantrips

   Spells                             Type                      Level
   a - Confusing Touch                Hexes                        1
   b - Animate Skeleton               Necromancy                   1
   c - Summon Small Mammal            Summoning                    1
   d - Apportation                    Translocation                1
Comestibles
 b - 3 chunks of flesh {@w0}
 f - 3 bread rations {@e1}
 h - 3 meat rations {@e2}
 k - a slice of pizza


   Skills:
 * Level 7.1 Fighting
 - Level 2.4 Long Blades
 - Level 3.6 Armour
 - Level 3.6 Shields


You had 4 spell levels left.
You didn't know any spells.

Dungeon Overview and Level Annotations

Branches:
Dungeon (3/15)

Altars:

Annotations:
D:3 Sigmund


Innate Abilities, Weirdness & Mutations

You reflexively headbutt those who attack you in melee.
You have a pair of horns on your head.


Message History

You are more poisoned.
You take 8 damage, and have 10/52 hp.
You feel very mighty all of a sudden.
* * * LOW HITPOINT WARNING * * *
You feel very sick.
You take 2 damage, and have 8/52 hp.
You bump into the rock wall.
You feel less confused.
* * * LOW HITPOINT WARNING * * *
You feel very sick.
You hear some strange, mumbled words.
Something tries to affect you, but you resist.
You take 3 damage, and have 5/52 hp.
* * * LOW HITPOINT WARNING * * *
You feel very sick. Something hits you but does no damage.
You are more poisoned.
You take 3 damage, and have 2/52 hp.
You miss something.
You die...

▒·····▒ ▒·▒ ▒▒▒▒
▒·····▒ ▒· ▒·▒ ···▒
▒·····▒ ·▒▒ ▒)▒ ···▒
▒·····▒ ··▒ ▒)▒
···▒▒▒▒·····▒ ··▒ ▒(▒
······▒·····▒ ▒·▒ ▒(▒
···▒▒·······▒ ▒·▒ ▒·▒
············▒ ▒{▒ ▒·▒
▒▒·······▒▒·▒ ▒@▒ ▒·▒
▒····▒··▒▒·▒ ▒·▒ ▒·▒
▒····▒··▒▒·▒▒▒▒·▒ ▒·▒
▒····▒··········▒ ▒·▒
▒▒····▒··▒▒·▒▒▒▒▒▒·▒·▒
·▒····▒▒·▒▒········▒·▒
·▒·▒▒▒▒▒·····▒▒▒▒▒▒▒·▒
·▒·▒ ▒··▒··▒·······▒
·▒·▒▒ ▒·············▒


There were no monsters in sight!

Vanquished Creatures
  An orc wizard (D:3)
  Robin (D:3)
  4 adders
  A worm (D:2)
  A dart slug (D:2)
  3 leopard geckos
  4 orcs (D:3)
  5 bats
  2 giant cockroaches
  9 goblins
  15 hobgoblins
  2 quokkas (D:3)
  2 ball pythons
  3 frilled lizards
  4 kobolds
  4 rats
61 creatures vanquished.

Notes
Turn   | Place    | Note
-------+----------+-------------------------------------------
     0 | D:1      | Azzok the Minotaur Fighter began the quest for the Orb.
     0 | D:1      | Reached XP level 1. HP: 19/19 MP: 0/0
   172 | D:1      | Reached skill level 4 in Fighting
   272 | D:1      | Reached XP level 2. HP: 28/28 MP: 1/1
   730 | D:2      | Reached skill level 5 in Fighting
   745 | D:2      | Reached XP level 3. HP: 26/36 MP: 2/2
  1112 | D:2      | Found a faded altar of an unknown god.
  1219 | D:3      | Reached XP level 4. HP: 43/44 MP: 3/3
  1380 | D:3      | Reached skill level 6 in Fighting
  1527 | D:3      | Noticed Robin
  1536 | D:3      | Killed Robin
  1793 | D:3      | Reached XP level 5. HP: 51/51 MP: 4/4
  1950 | D:3      | Reached skill level 7 in Fighting
  2154 | D:3      | Noticed Sigmund
  2176 | D:3      | HP: 2/52 [poisoned by Sigmund]
  2177 | D:3      | Succumbed to Sigmund's poison

Skill      XL: |  1  2  3  4  5 |
---------------+----------------+-----
Fighting       | 4 5 6 7 |  7.1
Long Blades    | |  2.4
Armour         | |  3.6
Shields        | |  3.6

Action                   |  1- 3 |  4- 6 || total
-------------------------+-------+-------++-------
Melee: Long sword        |    95 |    65 ||   160
       Headbutt          |    16 |    10 ||    26
  Use: Scroll            |       |     5 ||     5
       Potion            |       |     1 ||     1
  Eat: Chunk             |     1 |     3 ||     4
Armor: Scale mail        |    43 |     5 ||    48
       Plate armour      |       |    28 ||    28
Dodge: Dodged            |    34 |    17 ||    51
Block: Shield            |    54 |    28 ||    82
       Rpst.: Long sword |     7 |     2 ||     9
